 Dungeon Crawl Stone Soup version 0.27.1-2-g3b301248ec (webtiles) character file.

Game seed: 7037873756790025095

89575 cummra the Geomancer (level 15, -16/88 HPs)
             Began as a Gargoyle Earth Elementalist on Oct 1, 2021.
             Was a High Priest of Vehumet.
             Killed from afar by a bog body (35 damage)
             ... with a bolt of cold
             ... on level 2 of the Swamp.
             The game lasted 01:47:54 (35042 turns).

cummra the Geomancer (Gargoyle Earth Elementalist) Turns: 35042, Time: 01:47:54

Health: -16/88     AC: 23    Str: 13    XL:     15   Next: 97%
Magic:  5/39       EV: 14    Int: 26    God:    Vehumet [*****.]
Gold:   1967       SH:  0    Dex: 13    Spells: 2/36 levels left

rFire    . . .     SeeInvis +   l - +9 dagger of the Weasel {flame, Int+5 Dex+3}
rCold    . . .     Faith    .   (no shield)
rNeg     + . .     Spirit   .   m - +2 robe {Archmagi}
rPois    ∞         Reflect  .   p - +0 helmet
rElec    +         Harm     .   n - +0 cloak
rCorr    .         Rampage  .   i - +0 pair of gloves
Will     +....     Archmagi +   x - +2 pair of boots {Stlth+}
Stlth    +++.......             w - amulet of the acrobat
HPRegen  0.24/turn              f - ring of magical power
MPRegen  0.26/turn              s - ring of see invisible

@: about to teleport, flying, slowed, very slow
A: sickness immunity, AC +11, big wings, negative energy resistance 1,
electricity resistance, torment resistance 1, petrification resistance
a: Renounce Religion


You were on level 2 of the Swamp.
You worshipped Vehumet.
Vehumet was extremely pleased with you.
You visited 5 branches of the dungeon, and saw 22 of its levels.
You also visited: Sewer.

You collected 2243 gold pieces.
You spent 276 gold pieces at shops.

Inventory:

Hand Weapons
 l - the +9 dagger of the Weasel (weapon) {flame, Int+5 Dex+3}
   (You found it on level 6 of the Lair of Beasts)

   It burns those it strikes, dealing additional fire damage.
   Int:       It affects your intelligence (+5).
   Dex:       It affects your dexterity (+3).
 E - a +2 flail of venom
Missiles
 c - 218 stones
 k - 2 throwing nets
Armour
 i - a +0 pair of gloves (worn)
 m - a +2 robe of the Archmagi (worn)
 n - a +0 cloak (worn)
 p - a +0 helmet (worn)
 x - a +2 pair of boots of stealth (worn)
 D - a +1 robe of fire resistance
Jewellery
 f - a ring of magical power (left hand)
 s - a ring of see invisible (right hand)
 t - a ring of protection from fire
 w - an amulet of the acrobat (around neck)
 G - a ring of willpower
Wands
 e - a wand of digging (3)
 j - a wand of mindburst (13)
 o - a wand of acid (18)
 q - a wand of iceblast (14)
Scrolls
 h - 16 scrolls of identify
 r - a scroll of magic mapping
 v - 7 scrolls of noise
 y - 2 scrolls of enchant armour
 z - a scroll of fear
 B - a scroll of holy word
 F - 2 scrolls of fog
Potions
 a - a potion of brilliance
 b - 3 potions of haste
 g - 4 potions of ambrosia
 u - a potion of cancellation
 A - a potion of invisibility


   Skills:
 + Level 8.2 Fighting
 - Level 9.6 Maces & Flails
 + Level 8.2 Armour
 + Level 6.4 Dodging
 - Level 2.1 Stealth
 + Level 11.4 Spellcasting
 + Level 12.8 Conjurations
 - Level 0.7 Transmutations
 + Level 7.4 Fire Magic
 + Level 14.4 Earth Magic
 + Level 6.9 Evocations


You had 2 spell levels left.
You knew the following spells:

 Your Spells              Type           Power      Damage    Failure   Level
a - Sandblast             Erth           100%       2d20      0%          1
b - Iron Shot             Conj/Erth      45%        9d9       1%          6
c - Bolt of Magma         Conj/Fire/Erth 42%        4d18      1%          5
d - Lehudib's Crystal Sp  Conj/Erth      45%        10d11     24%         8
e - Lee's Rapid Deconstr  Erth           47%        3d23*     1%          5
f - Shatter               Erth           47%        3d36*     92%         9

Your spell library contained the following spells:

 Spells                   Type           Power      Damage    Failure   Level
 Passwall                 Tmut/Erth      57%        N/A       1%          2
 Poisonous Vapours        Pois/Air       44%        N/A       1%          2
 Static Discharge         Conj/Air       64%        N/A       1%          2
 Corona                   Hex            24%        N/A       4%          1
 Summon Small Mammal      Summ           88%        N/A       4%          1
 Corpse Rot               Necr/Air       N/A        N/A       6%          2
 Ensorcelled Hibernation  Hex/Ice        44%        N/A       6%          2
 Slow                     Hex            22%        N/A       6%          2
 Ignite Poison            Fire/Tmut/Pois 43%        N/A       1%          3
 Mephitic Cloud           Conj/Pois/Air  53%        N/A       1%          3
 Stone Arrow              Conj/Erth      100%       3d13      1%          3
 Animate Armour           Summ/Erth      100%       N/A       1%          4
 Hailstorm                Conj/Ice       64%        3d14      1%          4
 Petrify                  Tmut/Erth      69%        N/A       1%          4
 Lightning Bolt           Conj/Air       32%        1d49      2%          5
 Freezing Cloud           Conj/Ice/Air   26%        6-21      5%          5
 Call Canine Familiar     Summ           22%        N/A       12%         3
 Confusing Touch          Hex            22%        N/A       12%         3
 Gell's Gravitas          Tloc           11%        N/A       12%         3
 Lesser Beckoning         Tloc           11%        N/A       12%         3
 Summon Guardian Golem    Hex/Summ       22%        N/A       12%         3
 Teleport Other           Tloc           22%        N/A       12%         3
 Tukima's Dance           Hex            22%        N/A       12%         3
 Conjure Ball Lightning   Conj/Air       32%        3x3d10    12%         6
 Yara's Violent Unravell  Hex/Tmut       12%        3d7       24%         5
 Ice Form                 Ice/Tmut       25%        N/A       34%         4
 Animate Dead             Necr           11%        N/A       36%         4
 Spellforged Servitor     Conj/Summ      32%        N/A       50%         7
 Dispersal                Tloc           11%        N/A       99%         6
 Simulacrum               Ice/Necr       11%        N/A       99%         6
 Haunt                    Necr/Summ      11%        N/A       100%        7
 Discord                  Hex            11%        N/A       100%        8
 Disjunction              Tloc           11%        N/A       100%        8
 Infestation              Necr           11%        N/A       100%        8


Dungeon Overview and Level Annotations

Branches:
Dungeon (11/15)            Temple (1/1) D:6            Lair (6/6) D:10
  Swamp (2/4) Lair:3        Snake (0/4) Lair:2        Slime (0/5) Lair:6
    Orc (2/2) D:10            Elf (0/3) Orc:2         Sewer (visited)

Altars:
Ashenzari
Cheibriados
Dithmenos
Elyvilon
Fedhas
Gozag
Hepliaklqana
Kikubaaqudgha
Makhleb
Nemelex Xobeh
Okawaru
Qazlal
Ru
Sif Muna
Trog
Uskayaw
Vehumet
Wu Jian
Xom
Yredelemnul
Zin
The Shining One
Beogh
Jiyva

Shops:
D:1 (   Orc:2 [(:**

Annotations:
D:7 1 runed translucent door
D:8 Erica
D:10 fortune76's ghost, novice FeEn
Lair:2 1 exclusion


Innate Abilities, Weirdness & Mutations

You are immune to sickness and miasma.
Your stone body is resilient. (AC +11)
You are immune to poison.
Your large and strong wings let you fly.
You resist negative energy. (rN+)
You are resistant to electric shocks. (rElec)
You are resistant to unholy torment.
You are immune to petrification.


Message History

Press: ? - help, Shift-Dir - straight line, f/p - tyrant leech
Aim: a tyrant leech (severely wounded, 63% to hit)
You feel a surge of power!
The iron shot misses the tyrant leech.
The tyrant leech bites you!
* * * LOW HITPOINT WARNING * * *
Casting: Iron Shot (dangerous; 1% risk of failure)
Confirm with . or Enter, or press ? or * to list all spells.
You don't have enough magic to cast this spell.
Unknown command.
Okay, then.
As you read the scroll of teleportation, it crumbles to dust.
You feel strangely unstable.
The spriggan hits you but does no damage.
The tyrant leech bites you.
* * * LOW HITPOINT WARNING * * *
The spriggan splashes around in the water.
The tyrant leech bites you.
* * * LOW HITPOINT WARNING * * *
Your surroundings suddenly seem different.
Okay, then.
The bog body casts a spell at you. You resist with some effort.
Casting: Iron Shot (dangerous; 1% risk of failure)
Confirm with . or Enter, or press ? or * to list all spells.
Aiming: Sandblast (safe; 0% risk of failure)
Press: ? - help, Shift-Dir - straight line, f - bog body
Aim: a bog body (86% to hit)
You feel a surge of power!
The blast of sand hits the bog body!!
The bog body is almost destroyed.
Casting: Sandblast (safe; 0% risk of failure)
Confirm with . or Enter, or press ? or * to list all spells.
Aiming: Sandblast (safe; 0% risk of failure)
Press: ? - help, Shift-Dir - straight line, f/p - bog body
Aim: a bog body (almost destroyed, 86% to hit)
Okay, then.
As you read the scroll of teleportation, it crumbles to dust.
You feel strangely unstable.
The bog body gestures at you while chanting.
The bolt of cold hits you!!
You die...

♣. ♣. ♣♣♣♣♣♣♣.
♣♣.♣♣..≈. ♣≈...§≈.≈
♣♣♣ ♣♣≈i..♣≈♣
♣♣♣♣♣♣.♣♣♣♣≈w..♣♣♣
♣♣≈♣.♣.≈≈♣♣..≈..≈≈♣
♣≈@≈≈w♣...♣i..≈.≈..
♣≈♣.○i.......≈.≈≈§≈♣
♣..≈♣.n....≈≈≈≈.≈.§≈≈
♣♣........≈≈...§....≈
♣♣..≈.....≈..≈≈.....
♣♣♣≈♣.≈...≈!.......
.≈≈≈.≈..≈§≈≈≈....#
.≈≈.≈≈≈♣..≈..≈≈≈...
♣♣..≈..≈...≈.≈.....#


You could see a tyrant leech, a bog body and a spriggan.

Vanquished Creatures
  A tentacled monstrosity (Swamp:1)
  Kirke (Swamp:1)
  Donald (Orc:2)
  An orc warlord (Orc:2)
  An eleionoma (Swamp:1)
  Snorg (Lair:6)
  Josephine (Lair:6)
  A shambling mangrove (Swamp:2)
  Erolcha (D:9)
  2 boulder beetles
  11 hydras
  A catoblepas (Lair:6)
  An anaconda (Lair:6)
  5 alligators (Swamp:2)
  4 two-headed ogres
  5 death yaks
  3 orc high priests (Orc:2)
  Sonja (Lair:6)
  A goliath frog (Swamp:1)
  A spriggan druid (Swamp:2)
  2 swamp dragons (Swamp:2)
  2 bog bodies
  3 orc knights
  A deep elf pyromancer (D:7)
  7 orc sorcerers
  A will-o-the-wisp (Swamp:2)
  An oklob plant (Lair:6)
  2 ugly things (D:7)
  3 cyclopes
  Maurice (Orc:2)
  11 black mambas
  12 elephants
  10 cane toads
  8 komodo dragons
  5 rime drakes
  2 kobold demonologists
  5 polar bears
  A queen bee (Lair:1)
  A bloated husk (Swamp:1)
  5 trolls
  4 tyrant leeches
  9 hornets
  A blink frog (Lair:6)
  2 wyverns
  17 spriggans
  Sigmund (D:6)
  6 wraiths
  4 hogs (Swamp:1)
  A basilisk (Lair:3)
  37 yaks
  Grum (D:8)
  8 vampire mosquitoes
  A steam dragon (D:9)
  7 swamp worms
  20 water moccasins
  A warg (Orc:1)
  2 swamp drakes (Swamp:1)
  34 orc warriors
  7 black bears
  2 ice beasts (D:7)
  A necrophage (D:6)
  2 sky beasts
  6 ogres
  3 boggarts (Lair:6)
  28 wolves
  7 centaurs
  9 kobold brigands
  12 bullfrogs
  2 gnoll sergeants
  5 scorpions
  A wyvern zombie (D:6)
  2 wyvern skeletons
  A water moccasin skeleton (D:6)
  35 killer bees
  2 jellies
  5 wights (D:7)
  2 electric eels (Lair:5)
  A howler monkey (D:10)
  3 centaur zombies
  A bullfrog zombie (D:6)
  14 orc priests
  4 hounds
  Crazy Yiuf (D:6)
  2 gnoll shamans
  A bullfrog skeleton (D:5)
  3 iguanas
  7 hell rats (Lair:4)
  17 orc wizards
  A killer bee zombie (D:6)
  2 howler monkey zombies
  19 gnolls
  4 adders
  2 shadow imps
  3 white imps
  An adder skeleton (D:5)
  4 worms
  2 dart slugs
  48 orcs
  4 ball pythons
  11 endoplasms
  4 giant cockroaches
  14 goblins
  5 hobgoblins
  8 jackals
  6 quokkas
  11 bats
  6 frilled lizards
  A goblin zombie (D:4)
  4 hobgoblin zombies (D:4)
  8 kobolds
  A kobold skeleton (D:4)
  3 kobold zombies (D:4)
  2 orc skeletons (D:4)
  8 rats
  A butterfly (D:5)
652 creatures vanquished.

Vanquished Creatures (collateral kills)
  3 oklob plants (Lair:6)
3 creatures vanquished.

Vanquished Creatures (others)
  An eleionoma (Swamp:2)
  A bloated husk (Swamp:2)
  A human (Swamp:1)
  34 fungi
  46 plants
83 creatures vanquished.

Grand Total: 738 creatures vanquished

Notes
Turn   | Place    | Note
-------+----------+-------------------------------------------
     0 | D:1      | cummra the Gargoyle Earth Elementalist began the quest for
                  | the Orb.
     0 | D:1      | Reached XP level 1. HP: 10/10 MP: 3/3
    67 | D:1      | Found a faded altar of an unknown god.
   269 | D:1      | Found Yzxoshra's Antique Weapon Shop.
   469 | D:1      | Reached XP level 2. HP: 13/15 MP: 3/5
   474 | D:1      | Reached skill level 4 in Earth Magic
  1256 | D:1      | Reached XP level 3. HP: 8/19 MP: 2/6
  1261 | D:1      | Learned a level 3 spell: Stone Arrow
  2518 | D:2      | Reached skill level 1 in Conjurations
  2833 | D:2      | Reached XP level 4. HP: 24/24 MP: 8/8
  3058 | D:2      | Reached skill level 5 in Earth Magic
  3064 | D:2      | Reached XP level 5. HP: 23/28 MP: 9/9
  3516 | D:3      | Found an iron altar of Okawaru.
  3530 | D:3      | Noticed a centaur
  3532 | D:3      | Noticed an ogre
  3536 | D:3      | Killed a centaur
  3564 | D:2      | Reached XP level 6. HP: 24/32 MP: 11/11
  4719 | D:4      | Found a blossoming altar of Fedhas.
  4853 | D:4      | Reached skill level 6 in Earth Magic
  5186 | D:4      | Found a snail-covered altar of Cheibriados.
  5193 | D:4      | Found an ornate altar of the Wu Jian Council.
  5280 | D:4      | Found a glowing golden altar of the Shining One.
  5825 | D:5      | Entered Level 5 of the Dungeon
  6029 | D:5      | Reached XP level 7. HP: 21/36 MP: 13/13
  6306 | D:5      | Found a shimmering altar of Xom.
  7179 | D:6      | Noticed Sigmund
  7186 | D:6      | Found a glowing drain.
  7195 | Sewer    | Entered a sewer
  7198 | Sewer    | Reached skill level 7 in Earth Magic
  7726 | Sewer    | Reached skill level 5 in Spellcasting
  8053 | D:6      | Reached skill level 5 in Conjurations
  8053 | D:6      | Reached XP level 8. HP: 41/41 MP: 15/15
  8233 | D:6      | Found a staircase to the Ecumenical Temple.
  8241 | Temple   | Entered the Ecumenical Temple
  8544 | D:6      | Killed Sigmund
  8590 | D:6      | Reached skill level 8 in Earth Magic
  8628 | D:6      | Found a glowing silver altar of Zin.
  8645 | D:6      | Found a radiant altar of Vehumet.
  8681 | D:6      | Became a worshipper of Vehumet
  8713 | D:6      | Identified the +2 scale mail of Jigsaw {Harm rN+ Str+2
                  | Dex+3}
  9299 | D:6      | Found a runed translucent door.
  9300 | D:6      | Noticed Crazy Yiuf
  9379 | D:6      | Reached XP level 9. HP: 34/45 MP: 18/18
  9460 | D:6      | Reached skill level 1 in Maces & Flails
  9583 | D:6      | Reached * piety under Vehumet
  9583 | D:6      | Offered knowledge of Foxfire by Vehumet.
  9794 | D:6      | Killed Crazy Yiuf
  9914 | D:7      | Reached skill level 9 in Earth Magic
 10254 | D:7      | Noticed a kobold demonologist
 10254 | D:7      | Noticed a cyclops
 10260 | D:7      | Killed a kobold demonologist
 10270 | D:7      | Killed a cyclops
 10395 | D:7      | Found a runed translucent door.
 10698 | D:7      | Noticed a red ugly thing
 10698 | D:7      | Noticed a white ugly thing
 10698 | D:7      | Noticed a deep elf pyromancer
 10698 | D:7      | Noticed an eight-headed hydra
 10698 | D:7      | Noticed a troll
 10698 | D:7      | Noticed a four-headed hydra
 10698 | D:7      | Noticed a troll
 10698 | D:7      | Noticed a cyclops
 10715 | D:7      | Killed a white ugly thing
 10716 | D:7      | Reached XP level 10. HP: 20/50 MP: 14/21
 10798 | D:7      | Reached skill level 10 in Earth Magic
 11794 | D:7      | Found a white marble altar of Elyvilon.
 11794 | D:7      | Found a sparkling altar of Nemelex Xobeh.
 11881 | D:7      | Killed a red ugly thing
 12340 | D:7      | Killed a four-headed hydra
 12341 | D:7      | Reached skill level 5 in Maces & Flails
 12751 | D:7      | Killed a cyclops
 12755 | D:7      | Killed a deep elf pyromancer
 12756 | D:7      | Reached skill level 11 in Earth Magic
 13376 | D:8      | Reached XP level 11. HP: 54/54 MP: 19/23
 14013 | D:8      | Noticed Grum
 14016 | D:8      | Killed Grum
 14064 | D:8      | Offered knowledge of Freeze by Vehumet.
 14078 | D:8      | Reached ** piety under Vehumet
 14289 | D:8      | Found a broken altar of Ashenzari.
 14516 | D:8      | Noticed Erica
 14542 | D:7      | Killed an eight-headed hydra
 15205 | D:9      | Noticed a two-headed ogre
 15209 | D:9      | Reached skill level 10 in Conjurations
 15213 | D:9      | Offered knowledge of Dazzling Flash by Vehumet.
 15229 | D:9      | Killed a two-headed ogre
 15551 | D:9      | Noticed Erolcha
 15574 | D:9      | Killed Erolcha
 15837 | D:10     | Entered Level 10 of the Dungeon
 15844 | D:10     | Learned a level 5 spell: Bolt of Magma
 15943 | D:10     | Noticed a two-headed ogre
 15951 | D:10     | Killed a two-headed ogre
 16107 | D:10     | Reached *** piety under Vehumet
 16114 | D:10     | Reached skill level 1 in Fighting
 16114 | D:10     | Reached skill level 1 in Armour
 16118 | D:10     | Reached skill level 12 in Earth Magic
 16123 | D:10     | Reached skill level 1 in Fire Magic
 16259 | D:10     | Found a burning altar of Makhleb.
 16425 | D:10     | Found a staircase to the Orcish Mines.
 16435 | D:10     | Noticed a two-headed ogre
 16564 | D:9      | Reached skill level 1 in Evocations
 16614 | D:10     | Noticed a two-headed ogre
 16624 | D:10     | Killed a two-headed ogre
 16692 | D:10     | Reached XP level 12. HP: 61/61 MP: 25/25
 16800 | D:10     | Found a staircase to the Lair.
 16885 | D:10     | Found a runed translucent door.
 16885 | D:10     | Noticed a boulder beetle
 17409 | D:10     | Killed a two-headed ogre
 17492 | D:10     | Noticed a death yak
 17501 | D:10     | Killed a death yak
 17697 | D:10     | Noticed fortune76's ghost (novice FeEn)
 17742 | Lair:1   | Entered Level 1 of the Lair of Beasts
 17838 | Lair:1   | Identified a scroll of acquirement
 17838 | Lair:1   | Acquired the Almanac of Hurtful Earth
 18178 | Lair:1   | Offered knowledge of Sticky Flame by Vehumet.
 18712 | Lair:1   | Reached **** piety under Vehumet
 19091 | Lair:2   | Learned a level 8 spell: Lehudib's Crystal Spear
 19559 | Lair:2   | Offered knowledge of Lee's Rapid Deconstruction by Vehumet.
 19566 | Lair:2   | Learned a level 5 spell: Lee's Rapid Deconstruction
 19594 | Lair:2   | Found a staircase to the Snake Pit.
 19692 | Lair:2   | Reached XP level 13. HP: 70/70 MP: 17/26
 20940 | Lair:3   | Reached skill level 10 in Spellcasting
 21401 | Lair:3   | Found a staircase to the Swamp.
 22112 | Lair:3   | Identified the +6 shortbow "Xuoneps" {flame, rF+ Dex+3}
 22743 | Lair:4   | Reached skill level 5 in Armour
 23333 | Lair:5   | Reached skill level 5 in Fighting
 23403 | Lair:5   | Reached skill level 13 in Earth Magic
 24153 | Lair:5   | Reached skill level 5 in Fire Magic
 24601 | Lair:6   | Entered Level 6 of the Lair of Beasts
 24611 | Lair:5   | Gained mutation: Your large and strong wings let you fly.
                  | [Gargoyle growth]
 24611 | Lair:5   | Reached XP level 14. HP: 47/78 MP: 23/28
 24611 | Lair:5   | Reached ***** piety under Vehumet
 24786 | Lair:6   | Noticed Josephine
 24786 | Lair:6   | Found a viscous altar of Jiyva.
 24786 | Lair:6   | Found a staircase to the Slime Pits.
 24794 | Lair:5   | Offered knowledge of Starburst by Vehumet.
 24807 | Lair:6   | Noticed Snorg
 25544 | Lair:6   | Killed Snorg
 25545 | Lair:6   | Reached skill level 5 in Evocations
 25918 | Lair:6   | Noticed Sonja
 25953 | Lair:6   | Killed Sonja
 26211 | Lair:6   | Reached skill level 5 in Dodging
 27302 | Lair:6   | Killed Josephine
 29101 | Lair:6   | Identified the +9 dagger of the Weasel {flame, Int+5 Dex+3}
 29233 | Orc:1    | Entered Level 1 of the Orcish Mines
 29605 | Orc:1    | Offered knowledge of Airstrike by Vehumet.
 30049 | Orc:2    | Entered Level 2 of the Orcish Mines
 30059 | Orc:2    | Reached XP level 15. HP: 55/86 MP: 10/29
 30448 | Orc:2    | Noticed an orc warlord
 30597 | Orc:2    | Killed an orc warlord
 30906 | Orc:2    | Found Lyocsabi's Book Shop.
 30961 | Orc:2    | Found a staircase to the Elven Halls.
 31056 | Orc:2    | Learned a level 9 spell: Shatter
 31064 | Orc:2    | Found Oxiniboe's Antique Armour Emporium.
 31123 | Orc:2    | Noticed Donald
 31154 | Orc:2    | Killed Donald
 31155 | Orc:2    | Reached skill level 14 in Earth Magic
 31306 | Orc:2    | Found Xyabiuto's Antique Weapon Emporium.
 31322 | Orc:2    | Bought a pair of runed boots for 195 gold pieces
 31401 | Orc:2    | Found Reycicw's General Store.
 31784 | Orc:2    | Found Luttig's General Store.
 31946 | Orc:2    | Bought a scroll of teleportation for 39 gold pieces
 31976 | Orc:2    | Bought a scroll of teleportation for 42 gold pieces
 32073 | Orc:2    | Noticed Maurice
 32076 | Orc:2    | Killed Maurice
 33202 | Swamp:1  | Entered Level 1 of the Swamp
 33205 | Swamp:1  | Noticed Kirke
 33219 | Swamp:1  | Killed Kirke
 33341 | Swamp:1  | Offered knowledge of Iron Shot by Vehumet.
 33384 | Swamp:1  | Learned a level 6 spell: Iron Shot
 33575 | Swamp:1  | Noticed a tentacled monstrosity
 33686 | Swamp:1  | Killed a tentacled monstrosity
 35042 | Swamp:2  | Killed from afar by a bog body

Illustrated notes

Levels and vault maps discovered:
D:1:      tarquinn_simple_flora_water_d, layout_basic,
          shapermc_ecumenical_altar_ellora, serial_shops, shop,
          minmay_tree_intersection
D:2:      layout_loops_ring, chequers_decorated_corner, lemuel_flame_loot_1
D:3:      layout_basic, mainiacjoe_overflow_24_doors
D:4:      layout_loops_cross, nicolae_tso_besieged_by_evil, fedhas_altar_1,
          mainiacjoe_overflow_paths, cheibriados_altar_1
D:5:      layout_basic, xom_butterflies
D:6:      layout_loops_ring, gammafunk_temple_overflow_statue,
          minmay_temple_entry_offerings, portal_sewer_entry_f,
          minmay_alternating_orb, uniq_crazy_yiuf_cottage, uniq_sigmund
D:7:      minmay_the_grid_triangle_9x9_rhombus_full
          [minmay_the_grid_triangle_9x9_descending_squares,
          minmay_the_grid_triangle_9x9_shrine,
          minmay_the_grid_triangle_9x9_zippers_horizontal,
          minmay_the_grid_triangle_9x9_subtriangle,
          minmay_the_grid_triangle_9x9_semitri,
          minmay_the_grid_triangle_9x9_odd_lines,
          minmay_the_grid_triangle_9x9_longest,
          minmay_the_grid_triangle_9x9_prize_top_heavy], layout_basic,
          gammafunk_temple_overflow_pools
D:8:      layout_loops_corners, evilmike_ruin_ashenzari, uniq_erica, uniq_grum
D:9:      layout_rooms, uniq_erolcha
D:10:     layout_long_grid, mainiacjoe_overflow_alcove_4, david_lair_generic,
          orc_0_dummy, ebering_ghost_inner_flame,
          chequers_serial_rivers_micro_d, kennysheep_small_circle
D:11:     cheibrodos_shockbox, layout_grid_maze, minivault_16
Temple:   eino_temple_lava
Lair:1:   layout_hall_layers, special_room [special_room_bee],
          serial_bayou_pond_b, hibernation_bobbens
Lair:2:   layout_cave_pods, minmay_snake_entry_six_corridors,
          serial_bayou_shore_b
Lair:3:   layout_roguey, minmay_swamp_entry_eels
Lair:4:   layout_loops_ring, grunt_megastairs_5, lemuel_fruit_tree
Lair:5:   beast_lair_carwin_large_3, layout_big_grid,
          nicolae_quartered_pool_medium, serial_bayou_shore_a,
          serial_bayou_shore_b
Lair:6:   minmay_lair_end_enchanted_forest, layout_cave_pods, slime_altar_1,
          minmay_lair_oklob_chamber, infiniplex_staircase_pool, uniq_snorg,
          uniq_sonja, uniq_josephine
Swamp:1:  nicolae_swamp_ascending_descending, layout_basic_swamp,
          hangedman_swamp_ruin_wall, uniq_kirke
Swamp:2:  layout_falls_marsh, serial_swamp_ruin, evilmike_swamp_ruin_rubble_2,
          evilmike_swamp_ruin_house_2, nicolae_swamp_no_escape
Orc:1:    layout_diamond_mine, special_room [special_room_kobold], mines2_david
Orc:2:    grunt_orc_gardens, layout_caves, grunt_orc_garden, grunt_orc_garden,
          grunt_orc_garden, grunt_orc_garden, serial_shops, shop, uniq_donald,
          uniq_maurice

Skill      XL: |  1  2  3  4  5  6  7  8  9 10 11 12 13 14 15 |
---------------+----------------------------------------------+-----
Earth Magic    | 4 5 6 7 8 9 11 12 13 14 | 14.4
Conjurations   | 1 2 3 5 6 8 9 10 11 12 | 12.8
Spellcasting   | 3 4 5 6 7 8 9 10 11 | 11.4
Maces & Flails | 4 5 7 8 9 |  9.6
Fighting       | 1 3 5 7 8 |  8.2
Armour         | 1 4 5 6 8 |  8.2
Fire Magic     | 1 3 5 6 7 |  7.4
Dodging        | 2 3 4 5 6 |  6.4
Evocations     | 1 3 4 5 6 |  6.9
Stealth        | |  2.1
Transmutations | |  0.7

Action                   |  1- 3 |  4- 6 |  7- 9 | 10-12 | 13-15 || total
-------------------------+-------+-------+-------+-------+-------++-------
Melee: Dagger            |   117 |    52 |    17 |       |    23 ||   209
       Mace              |       |       |     9 |    11 |       ||    20
       Flail             |       |       |       |    12 |     1 ||    13
 Cast: Sandblast         |    30 |    22 |    12 |    55 |   116 ||   235
       Stone Arrow       |       |    33 |   126 |   291 |   517 ||   967
       Bolt of Magma     |       |       |       |     5 |    76 ||    81
       Lee's Rapid Decon |       |       |       |       |     6 ||     6
       Iron Shot         |       |       |       |       |    60 ||    60
Evoke: Wand              |       |       |       |     8 |     5 ||    13
  Use: Scroll            |       |       |    10 |    10 |    21 ||    41
       Potion            |       |       |     2 |     4 |     2 ||     8
 Stab: Sleeping          |     2 |     3 |       |       |       ||     5
Armor: Robe              |    51 |    22 |    25 |    77 |   136 ||   311
Dodge: Dodged            |    61 |    43 |    67 |   147 |   284 ||   602
